 Dungeon Crawl Stone Soup version 0.17.0-56-gd8de76c (webtiles) character file.

494 gorblad the Skirmisher (level 6, -1/48 HPs)
             Began as a Mummy Fighter on Dec 6, 2015.
             Killed from afar by an orc wizard (3 damage)
             ... with a puff of flame
             ... on level 4 of the Dungeon.
             The game lasted 00:11:01 (3870 turns).

gorblad the Skirmisher (Mummy Fighter)              Turns: 3870, Time: 00:11:01

Health: -1/48      AC:  8    Str: 22    XL:     6   Next: 92%
Magic:  6/6        EV:  7    Int:  7    God:
Gold:   201        SH: 10    Dex: 11    Spells: 0 memorised, 5 levels left

rFire  x . .     SeeInvis +     a - +1 long sword
rCold  + . .     Clarity  .     b - +0 scale mail
rNeg   + + +     SustAt   .     c - +1 shield
rPois  ∞         Gourm    .     (no helmet)
rElec  .         Spirit   .     d - +0 cloak
rCorr  .         Warding  .     (no gloves)
rMut   .         Stasis   .     (no boots)
MR     .....                    (no amulet)
Stlth  ..........               (no ring)
                                g - ring of see invisible

@: not resistant to hostile enchantments, extremely unstealthy
A: no food or potions, fire vulnerability, cold resistance 1, negative energy
resistance 3, torment resistance, unbreathing
a: no special abilities


You were on level 4 of the Dungeon.
You were not hungry.

You visited 1 branch of the dungeon, and saw 4 of its levels.
You also visited: Sewer.

You collected 201 gold pieces.

Inventory:

Hand Weapons
 a - a +1 long sword (weapon)
Armour
 b - a +0 scale mail (worn)
 c - a +1 shield (worn)
 d - a +0 cloak (worn)
Jewellery
 g - a ring of see invisible (left hand)
 m - an uncursed ring of fire
Wands
 n - a wand of invisibility (4)
 p - a wand of random effects (37)
Scrolls
 e - 2 scrolls of blinking
 f - a scroll of recharging
 h - a scroll of teleportation
 i - 4 scrolls of remove curse
 j - a scroll of enchant armour
 k - 2 scrolls of identify
 l - a scroll of enchant weapon


   Skills:
 + Level 4.1 Fighting
 * Level 3.6 Long Blades
 * Level 3.9 Armour
 * Level 3.9 Shields


You had 5 spell levels left.
You didn't know any spells.

Dungeon Overview and Level Annotations

Branches:
Dungeon (4/15)
 Temple: D:4-7

Altars:
Cheibriados
Fedhas
Gozag


Innate Abilities, Weirdness & Mutations

You do not eat or drink.
Your flesh is vulnerable to fire.
You are immune to poison.
Your flesh is cold resistant.
You are immune to negative energy.
You are immune to unholy pain and torment.
You can survive without breathing.


Message History

The quokka looks frightened!
The giant cockroach looks frightened!
You slash the centaur skeleton!
You block the centaur skeleton's attack.
The orc wizard points at you and mumbles some strange words.
The puff of flame hits the centaur skeleton.
The centaur skeleton barely misses you.
You hit the centaur skeleton.
Cornered, the orc wizard turns to fight!
The orc wizard points at you and mumbles some strange words.
The puff of flame hits the centaur skeleton.
The centaur skeleton is destroyed!
The orc wizard gestures at you while chanting.
The puff of flame misses you.
The orc wizard gestures at you while chanting.
You block the puff of flame.
You miss the orc wizard.
The orc wizard is almost dead.
The orc wizard casts a spell at you. The puff of flame hits you!
The fire burns you terribly!
You die...

.........#..
..........#(#...b.#.
.#........... .......
######.#.......$...
....r..
#...............#.#
.(...#
#...............#.#
...o.# #.....#
........#.##......
#.....# ..##...@o....#
......# #.....)#....##
......######.#.##?...#
###.#.....#..........#
# #.###............#.#
# #.#####.........##s#
# #...............# .#
# #######.........# .#
# ......>.........#


You could see an orc priest (fleeing), an orc wizard (invisible) and a giant
cockroach (fleeing).

Vanquished Creatures
  Grinder (D:3)
  Ijyb (D:3)
  A giant frog skeleton (D:4)
  Terence (D:3)
  An orc wizard (D:4)
  A worker ant (D:4)
  A hound zombie (D:4)
  2 river rats (Sewer)
  4 adders
  A giant gecko (D:3)
  An orc (D:3)
  6 ball pythons
  9 giant cockroaches
  11 goblins
  10 hobgoblins
  4 kobolds
  A quokka (D:2)
  6 bats
  11 giant newts
  9 jackals
  15 rats
97 creatures vanquished.

Vanquished Creatures (others)
  A centaur skeleton (D:4)
1 creature vanquished.

Grand Total: 98 creatures vanquished

Notes
Turn   | Place    | Note
--------------------------------------------------------------
     0 | D:1      | gorblad the Mummy Fighter began the quest for the Orb.
     0 | D:1      | Reached XP level 1. HP: 18/18 MP: 1/1
   208 | D:1      | Reached XP level 2. HP: 24/24 MP: 2/2
   827 | D:1      | Reached XP level 3. HP: 29/29 MP: 3/3
  1111 | D:2      | Found a blossoming altar of Fedhas.
  1767 | D:3      | Reached XP level 4. HP: 35/35 MP: 4/4
  1804 | D:3      | Noticed Terence
  1804 | D:3      | Noticed Ijyb
  1823 | D:3      | Killed Ijyb
  1832 | D:3      | Killed Terence
  1947 | D:3      | Found a glowing drain.
  1975 | Sewer    | Entered a sewer
  2103 | Sewer    | Reached XP level 5. HP: 33/41 MP: 5/5
  2698 | D:3      | Noticed Grinder
  2716 | D:3      | Paralysed by Grinder for 6 turns
  2733 | D:3      | Killed Grinder
  2733 | D:3      | Reached XP level 6. HP: 21/48 MP: 6/6
  2901 | D:3      | Found an opulent altar of Gozag.
  3647 | D:4      | Found a snail-covered altar of Cheibriados.
  3859 | D:4      | Reached skill level 4 in Fighting
  3864 | D:4      | HP: 1/48 [orc wizard/puff of flame (7)]
  3870 | D:4      | Killed from afar by an orc wizard

Action                   |  1- 3 |  4- 6 || total
-------------------------+-------+-------++-------
Melee: Long sword        |   153 |   253 ||   406
  Use: Scroll            |     7 |     4 ||    11
 Stab: Distracted        |       |     1 ||     1
